 Dungeon Crawl Stone Soup version 0.25-a0-185-g6cfeca75b2 (webtiles) character file.

Game seed: 5346180800957325775, levelgen mode: deterministic

88 MisterFreud the Conjurer (level 4, -11/36 HPs)
             Began as a Naga Fire Elementalist on Nov 28, 2019.
             Was an Initiate of Cheibriados.
             Mangled by an ogre
             ... wielding a +0 giant spiked club
              (15 damage)
             ... on level 3 of the Dungeon.
             The game lasted 00:06:15 (2268 turns).

MisterFreud the Conjurer (Naga Fire Elementalist)   Turns: 2268, Time: 00:06:16

Health: -11/36     AC:  2    Str: 12    XL:     4   Next: 53%
Magic:  7/7        EV: 10    Int: 17    God:    Cheibriados [......]
Gold:   79         SH:  0    Dex: 12    Spells: 3/7 levels left

rFire    . . .     SeeInvis +   f - +0 short sword
rCold    . . .     Gourm    .   (no shield)
rNeg     . . .     Faith    .   a - +0 robe
rPois    +         Spirit   .   (no helmet)
rElec    .         Reflect  .   (no cloak)
rCorr    .         Harm     .   (no gloves)
MR       +....                  (no barding)
Stlth    ++........             (no amulet)
HPRegen  0.12/turn              g - ring of protection from magic
MPRegen  0.10/turn              (no ring)

@: very slow
A: large, see invisible, deformed body, poison resistance, slowness 2, slow
metabolism 1, spit poison 1, AC +1
a: Spit Poison, Bend Time, Renounce Religion


You were on level 3 of the Dungeon.
You worshipped Cheibriados.
Cheibriados was noncommittal.
You were hungry.

You visited 1 branch of the dungeon, and saw 3 of its levels.

You collected 79 gold pieces.

Inventory:

Hand Weapons
 f - a +0 short sword (weapon)
Missiles
 d - 77 stones (quivered)
 m - 8 javelins
 p - 25 sling bullets
Armour
 a - a +0 robe (worn)
Jewellery
 g - a ring of protection from magic (left hand)
Scrolls
 e - a scroll of fog {unknown}
 h - a scroll of teleportation
 j - a scroll of enchant weapon {unknown}
 k - 2 scrolls of remove curse
Potions
 b - a potion of curing
 l - a potion of lignification {unknown}
 n - a potion of ambrosia
 o - a potion of mutation {unknown}
Comestibles
 c - 5 rations


   Skills:
 - Level 1.5 Dodging
 - Level 3.0 Stealth
 + Level 2.4 Spellcasting
 + Level 3.4 Conjurations
 + Level 3.4 Fire Magic


You had 3 spell levels left.
You knew the following spells:

 Your Spells              Type           Power        Failure   Level  Hunger
a - Flame Tongue          Conj/Fire      ##...        4%          1    #......
b - Conjure Flame         Conj/Fire      ##......     14%         3    ###....

Your spell library contained the following spells:

 Spells                   Type           Power        Failure   Level  Hunger
 Throw Flame              Conj/Fire      ##....       7%          2    ##.....
 Inner Flame              Hex/Fire       #.......     28%         3    ###....
 Sticky Flame             Conj/Fire      ##......     41%         4    #####..
 Fireball                 Conj/Fire      ##........   77%         5    ######.


Dungeon Overview and Level Annotations

Branches:
Dungeon (3/15)

Altars:
Cheibriados
Elyvilon
Nemelex Xobeh
Qazlal
Uskayaw
Yredelemnul
The Shining One

Annotations:
D:2 1 runed translucent door, Crazy Yiuf


Innate Abilities, Weirdness & Mutations

You cannot wear boots.
Your serpentine skin is tough. (AC +1)
You have supernaturally acute eyesight. (SInv)
Armour fits poorly on your strangely shaped body.
Your system is resistant to poisons. (rPois)
You cover ground very slowly.
You have a slow metabolism.
You can spit poison.


Message History

Aiming: Flame Tongue (safe; 4% risk of failure)
Press: ? - help, Shift-Dir - straight line, f/p - frilled lizard
Aim: a frilled lizard (heavily wounded)
The flame tongue hits the frilled lizard.
You kill the frilled lizard!
Cheibriados appreciates the change of pace.
You start resting.
HP restored.
Found a pair of boots.
You have got your breath back.
You open the door.
Magic restored.
There is an open door here.
An ogre comes into view. It is wielding a +0 giant spiked club.
The ogre shouts!
The ogre hits you with a +0 giant spiked club!!
Ouch! That really hurt!
The ogre hits you with a +0 giant spiked club!
* * * LOW HITPOINT WARNING * * *
The ogre hits you with a +0 giant spiked club!
You die...

##......#...
#...8..'#.####.
#..8_8.........
#...8....###### #........+
#........################.
##.<#+##........ .........
### #.#########.......[
#.##.^@O.......# ..
#.#...########'##.#
#.#...#######.....#
#.#.#..........>..#
#.#.#########.....#
#.#................#
#.#...#####........#
#.....+ .....++##.#
###...# ###...# .#


You could see an ogre.

Vanquished Creatures
  An adder (D:3)
  An ooze (D:1)
  2 worms (D:2)
  A dart slug (D:1)
  3 leopard geckos
  4 orcs (D:3)
  A ball python (D:1)
  13 bats
  A giant cockroach (D:2)
  3 goblins (D:1)
  4 hobgoblins
  10 jackals
  4 frilled lizards
  4 kobolds (D:1)
  3 rats
55 creatures vanquished.

Notes
Turn   | Place    | Note
-------+----------+-------------------------------------------
     0 | D:1      | MisterFreud the Naga Fire Elementalist began the quest for
                  | the Orb.
     0 | D:1      | Reached XP level 1. HP: 15/15 MP: 3/3
    75 | D:1      | Reached XP level 2. HP: 22/22 MP: 3/5
   433 | D:1      | Reached XP level 3. HP: 28/28 MP: 6/6
  1087 | D:2      | Found a runed translucent door.
  1088 | D:2      | Noticed Crazy Yiuf
  1328 | D:2      | Reached XP level 4. HP: 22/36 MP: 0/7
  1441 | D:2      | Noticed an ogre
  1655 | D:2      | Learned a level 3 spell: Conjure Flame
  1901 | D:2      | Found a sparkling altar of Nemelex Xobeh.
  1902 | D:2      | Found a snail-covered altar of Cheibriados.
  1904 | D:2      | Found a hide-covered altar of Uskayaw.
  1908 | D:2      | Found a white marble altar of Elyvilon.
  1908 | D:2      | Found a basalt altar of Yredelemnul.
  1908 | D:2      | Found a glowing golden altar of the Shining One.
  1908 | D:2      | Found a stormy altar of Qazlal.
  1911 | D:2      | Became a worshipper of Cheibriados the Contemplative
  2206 | D:3      | Found a faded altar of an unknown god.
  2260 | D:3      | Noticed an ogre
  2268 | D:3      | Mangled by an ogre

Levels and vault maps discovered:
D:1:      dpeg_arrival_ternary, layout_loops_ring, serial_park_tiny_pond
D:2:      layout_loops_ring, minitemple, small_statue_intersection,
          uniq_crazy_yiuf_cottage
D:3:      layout_basic, chequers_ecumenical_altar_simple

Skill      XL: |  1  2  3 |
---------------+----------+-----
Conjurations   | 2 3 |  3.4
Dodging        | |  1.5
Stealth        | |  3.0
Spellcasting   | |  2.4
Fire Magic     | |  3.4

Action                   |  1- 3 |  4- 6 || total
-------------------------+-------+-------++-------
Melee: Unarmed           |     2 |       ||     2
       Short sword       |    13 |       ||    13
Throw: Stone             |       |     1 ||     1
 Cast: Flame Tongue      |    34 |    23 ||    57
 Abil: Spit Poison       |    34 |    13 ||    47
  Use: Scroll            |     3 |     2 ||     5
 Stab: Sleeping          |     1 |       ||     1
  Eat: Chunk             |     3 |     3 ||     6
Armor: Robe              |     7 |     6 ||    13
Dodge: Dodged            |    31 |    23 ||    54

Table legend:
 A = Non-vault XP
 B = Vault XP
 C = Vault XP percentage of total XP
 D = Non-vault monster count
 E = Vault monster count
 F = Vault count percentage of total count
                 A         B        C        D         E       F
            +---------+---------+-------+---------+---------+-------
      Total |     126 |       0 |   0.0 |      55 |       0 |   0.0
            +---------+---------+-------+---------+---------+-------
        D:1 |      58 |       0 |   0.0 |      30 |       0 |   0.0
        D:2 |      42 |       0 |   0.0 |      19 |       0 |   0.0
        D:3 |      26 |       0 |   0.0 |       6 |       0 |   0.0
            +---------+---------+-------+---------+---------+-------
